 Dungeon Crawl Stone Soup version 0.18.1-8-gdd0e5ea (webtiles) character file.

39 Hipnos the Magician (level 3, -1/25 HPs)
             Began as a Mummy Wizard on May 21, 2016.
             Slain by Natasha (6 damage)
             ... on level 2 of the Dungeon.
             The game lasted 00:04:07 (1187 turns).

Hipnos the Magician (Mummy Wizard)                  Turns: 1187, Time: 00:04:09

Health: -1/25      AC:  2    Str: 10    XL:     3   Next: 28%
Magic:  4/7        EV: 12    Int: 18    God:
Gold:   114        SH:  0    Dex: 10    Spells: 2 memorised, 5 levels left

rFire  x . .     SeeInvis .     e - +2 hand axe (flame)
rCold  + . .     Gourm    .     a - +0 robe
rNeg   + + +     Faith    .     (no shield)
rPois  ∞         Spirit   .     b - +0 hat
rElec  .         Dismiss  .     (no cloak)
rCorr  .         Reflect  .     (no gloves)
SustAt .         Harm     .     (no boots)
MR     .....                    (no amulet)
Stlth  ++........               (no ring)
                                (no ring)

@: not resistant to hostile enchantments, unstealthy
A: no food or potions, fire vulnerability, cold resistance 1, negative energy
resistance 3, torment resistance, unbreathing
a: no special abilities


You were on level 2 of the Dungeon.
You were not hungry.

You visited 1 branch of the dungeon, and saw 2 of its levels.

You collected 114 gold pieces.

Inventory:

Hand Weapons
 e - a +2 hand axe of flaming (weapon)
Armour
 a - a +0 robe (worn)
 b - a +0 hat (worn)
Scrolls
 d - 3 scrolls of remove curse
 f - a scroll of random uselessness {unknown}
 g - a scroll of identify {unknown}
 h - a scroll of amnesia {unknown}
 i - 2 scrolls of fear {unknown}
 j - a scroll of enchant weapon {unknown}
 k - a scroll of teleportation {unknown}
 l - a scroll of magic mapping {unknown}
 m - a scroll of blinking {unknown}
Books
 c - a book of Minor Magic

   Spells                             Type                      Level
   a - Magic Dart                     Conjuration                  1
   b - Blink                          Translocation                2
   c - Call Imp                       Summoning                    2
   d - Repel Missiles                 Charms/Air                   2
   e - Slow                           Hexes                        2
   f - Conjure Flame                  Conjuration/Fire             3
   g - Mephitic Cloud                 Conjuration/Poison/Air       3


   Skills:
 + Level 0.6 Fighting
 + Level 0.1 Axes
 + Level 2.1 Dodging
 - Level 1.5 Stealth
 + Level 3.2 Spellcasting
 + Level 1.5 Conjurations
 * Level 1.0 Summonings
   Level 0.7 Translocations


You had 5 spell levels left.
You knew the following spells:

 Your Spells              Type           Power        Failure   Level  Hunger
a - Magic Dart            Conj           #...         12%         1    N/A
b - Call Imp              Summ           #.......     17%         2    N/A

Dungeon Overview and Level Annotations

Branches:
Dungeon (2/15)

Altars:

Annotations:
D:2 Natasha, Sigmund


Innate Abilities, Weirdness & Mutations

You do not eat or drink.
Your flesh is vulnerable to fire.
You are immune to poison.
Your flesh is cold resistant.
You are immune to negative energy.
You are immune to unholy pain and torment.
You can survive without breathing.


Message History

Your crimson imp blinks! x2
There is a fountain of clear blue water here.
You see here an inky potion.
Natasha wildly gestures.
You feel troubled. Natasha claws you!
Your crimson imp hits Natasha.
Natasha closely misses your crimson imp.
Your crimson imp hits Natasha but does no damage.
Natasha closely misses you.
Your crimson imp closely misses Natasha.
Your crimson imp misses Natasha.
Sigmund the Dreaded comes into view.
He is wielding an enchanted scythe.
You closely miss Natasha.
Natasha is lightly wounded.
Natasha claws you.
* * * LOW HITPOINT WARNING * * *
Your crimson imp closely misses Natasha.
Your crimson imp hits Natasha but does no damage.
Natasha claws you.
You die...

##.⌠..%⌠...⌠
#........!...
#....⌠...⌠...⌠
#..............
#..⌠...⌠...⌠...⌠
#...............
#....⌠...⌠...⌠..
#...............
#..⌠@55⌠...⌠...⌠
#...!h..........
#....⌠...⌠...⌠..
#..†......@.$...
#..⌠...⌠...⌠...⌠
#.#.............
#.#####....###..
#.......#### .
#######.#


You could see Sigmund, Natasha and 2 friendly crimson imps.

Vanquished Creatures
  An ooze (D:1)
  2 giant geckos (D:2)
  A ball python (D:2)
  2 giant cockroaches (D:1)
  4 goblins
  A hobgoblin (D:2)
  5 kobolds
  3 bats (D:1)
  2 giant newts (D:1)
  14 rats
35 creatures vanquished.

Vanquished Creatures (collateral kills)
  A hobgoblin (D:2)
  A kobold (D:2)
2 creatures vanquished.

Grand Total: 37 creatures vanquished

Notes
Turn   | Place    | Note
--------------------------------------------------------------
     0 | D:1      | Hipnos the Mummy Wizard began the quest for the Orb.
     0 | D:1      | Reached XP level 1. HP: 13/13 MP: 4/4
   300 | D:1      | Reached skill level 1 in Conjurations
   471 | D:1      | Reached XP level 2. HP: 19/19 MP: 0/6
   475 | D:1      | Learned a level 2 spell: Call Imp
  1027 | D:2      | Reached XP level 3. HP: 25/25 MP: 7/7
  1060 | D:2      | Reached skill level 1 in Summonings
  1175 | D:2      | Noticed Natasha
  1187 | D:2      | Noticed Sigmund
  1187 | D:2      | Slain by Natasha

Skill      XL: |  1  2  3 |
---------------+----------+-----
Conjurations   | 1 |  1.5
Summonings     | 1 |  1.0
Dodging        | 2 |  2.1
Fighting       | |  0.6
Axes           | |  0.1
Stealth        | |  1.5
Spellcasting   | |  3.2
Translocations | |  0.7

Action                   || total
-------------------------++-------
Melee: Hand axe          ||    59
       Unarmed           ||     4
 Cast: Magic Dart        ||    16
       Call Imp          ||     4
  Use: Scroll            ||     1
 Stab: Sleeping          ||     5
Armor: Robe              ||     8
Dodge: Dodged            ||    34
